[ AOE2 MATCH · #507165974 ]
UnrankedKhmer vs Teutons
Player's team · LOSS
Rival team · WIN
[ REPLAY ANALYSIS · EXTRACTED FROM THE RECORDED GAME ]
Feudal
10:56
Castle
15:18
Imperial
35:54
| APM avg | 36.3 |
| APM peak | 94 |
| eAPM avg | 24.4 |
| Villagers / military | 187 / 46 |
Focus
⚔️ 31.8% · 🌾 68.2%
Scout Cavalry ×33 · Battering Ram ×6 · Trebuchet (Packed) ×5 · Monk ×1 · Mangonel ×1
Feudal
8:51
Castle
23:40
Imperial
35:43
| APM avg | 51.1 |
| APM peak | 88 |
| eAPM avg | 29.6 |
| Villagers / military | 151 / 59 |
Focus
⚔️ 43.3% · 🌾 56.7%
Teutonic Knight ×27 · Monk ×12 · Bombard Cannon ×9 · Trebuchet (Packed) ×7 · Mangonel ×4
Match map
Initial resources + every placement click. Lines = walls · curves = elevation contours. ◆ gold · ⬟ stone · ● berries · ✦ relic · ◌ wall gap
Your base· ✓ Closed at 15:18 · 43t walls · 3 gate(s)
CeCa_Mascherano014's base· ✓ Closed at 23:40 · 1t walls · 2 gate(s)
Smoothed initial terrain · ◌ = detected wall gap · hover for details
Inputs per minute
— VENÓN | BOTZANGA - - CeCa_Mascherano014
Build order — VENÓN | BOTZANGA
First 150 of 390 actions detected
| 0:01 | Create | Villager (Male) |
| 0:01 | Create | Villager (Male) |
| 0:01 | Create | Villager (Male) |
| 0:02 | Build | House |
| 0:04 | Build | House |
| 0:08 | Create | Villager (Male) |
| 0:08 | Create | Villager (Male) |
| 1:18 | Create | Villager (Male) |
| 1:18 | Create | Villager (Male) |
| 1:48 | Build | Lumber Camp |
| 2:02 | Create | Villager (Male) |
| 2:02 | Create | Villager (Male) |
| 2:11 | Create | Villager (Male) |
| 2:11 | Create | Villager (Male) |
| 2:41 | Create | Villager (Male) |
| 2:41 | Create | Villager (Male) |
| 2:53 | Create | Villager (Male) |
| 2:53 | Create | Villager (Male) |
| 3:26 | Create | Villager (Male) |
| 3:26 | Create | Villager (Male) |
| 3:57 | Build | Mill |
| 4:00 | Create | Villager (Male) |
| 4:00 | Create | Villager (Male) |
| 4:06 | Build | House |
| 4:25 | Create | Villager (Male) |
| 4:26 | Create | Villager (Male) |
| 4:40 | Build | House |
| 4:43 | Create | Villager (Male) |
| 4:43 | Create | Villager (Male) |
| 5:12 | Create | Villager (Male) |
| 5:28 | Create | Villager (Male) |
| 5:42 | Build | Palisade Wall |
| 5:44 | Create | Villager (Male) |
| 5:50 | Build | Palisade Wall |
| 5:53 | Build | Palisade Wall |
| 5:58 | Build | Palisade Wall |
| 6:05 | Build | Palisade Wall |
| 6:09 | Build | Palisade Wall |
| 6:12 | Build | Palisade Wall |
| 6:14 | Build | Palisade Wall |
| 6:19 | Build | Palisade Wall |
| 6:20 | Create | Villager (Male) |
| 6:24 | Build | Palisade Wall |
| 6:27 | Build | Farm |
| 6:28 | Build | Farm |
| 6:39 | Build | Farm |
| 6:39 | Build | Farm |
| 6:55 | Build | Palisade Wall |
| 6:56 | Build | Palisade Wall |
| 7:10 | Create | Villager (Male) |
| 7:26 | Create | Villager (Male) |
| 8:01 | Research | Loom |
| 8:07 | Build | Mining Camp |
| 8:30 | Research | Feudal Age |
| 9:16 | Build | House |
| 10:13 | Build | Palisade Wall |
| 10:16 | Build | Palisade Wall |
| 10:24 | Build | Mining Camp |
| 10:41 | Create | Villager (Male) |
| 10:56 | Age | Feudal Age |
| 10:57 | Build | Palisade Wall |
| 11:02 | Build | Watch Tower |
| 11:06 | Create | Villager (Male) |
| 11:24 | Create | Villager (Male) |
| 11:37 | Build | Palisade Wall |
| 11:39 | Build | Palisade Wall |
| 11:43 | Build | Palisade Wall |
| 11:50 | Build | House |
| 11:56 | Build | Palisade Wall |
| 12:02 | Build | Palisade Wall |
| 12:24 | Build | House |
| 12:31 | Build | Stone Wall |
| 12:38 | Research | Castle Age |
| 13:15 | Create | Villager (Male) |
| 13:20 | Build | Watch Tower |
| 13:42 | Create | Villager (Male) |
| 13:45 | Build | Blacksmith |
| 14:12 | Build | House |
| 14:22 | Research | Double-Bit Axe |
| 14:36 | Research | Fletching |
| 14:46 | Build | Farm |
| 15:18 | Age | Castle Age |
| 15:24 | Create | Villager (Male) |
| 15:33 | Build | Farm |
| 16:19 | Build | Farm |
| 16:21 | Create | Villager (Male) |
| 16:31 | Build | Farm |
| 16:48 | Build | Farm |
| 16:58 | Build | Farm |
| 16:59 | Create | Villager (Male) |
| 16:59 | Create | Villager (Male) |
| 17:24 | Create | Villager (Male) |
| 17:34 | Build | Siege Workshop |
| 17:47 | Create | Villager (Male) |
| 17:48 | Create | Villager (Male) |
| 18:04 | Create | Villager (Male) |
| 18:04 | Create | Villager (Male) |
| 18:34 | Create | Battering Ram |
| 18:36 | Create | Villager (Male) |
| 18:46 | Create | Villager (Male) |
| 19:06 | Create | Villager (Male) |
| 19:09 | Build | House |
| 19:38 | Create | Villager (Male) |
| 19:53 | Create | Villager (Male) |
| 19:58 | Create | Villager (Male) |
| 20:07 | Create | Villager (Male) |
| 20:11 | Create | Villager (Male) |
| 20:12 | Create | Villager (Male) |
| 20:12 | Create | Villager (Male) |
| 20:32 | Build | Town Center |
| 20:33 | Create | Villager (Male) |
| 20:45 | Research | Bodkin Arrow |
| 20:47 | Create | Battering Ram |
| 20:56 | Build | House |
| 21:11 | Create | Villager (Male) |
| 21:29 | Build | House |
| 21:43 | Create | Villager (Male) |
| 22:08 | Create | Villager (Male) |
| 22:23 | Create | Villager (Male) |
| 22:27 | Build | Stable |
| 22:44 | Build | Monastery |
| 22:48 | Build | Farm |
| 23:06 | Build | Watch Tower |
| 23:25 | Create | Villager (Male) |
| 23:26 | Create | Monk |
| 23:38 | Create | Villager (Male) |
| 23:42 | Create | Villager (Male) |
| 24:02 | Create | Villager (Male) |
| 24:17 | Build | Gate |
| 24:25 | Create | Villager (Male) |
| 24:38 | Build | Lumber Camp |
| 24:39 | Create | Villager (Male) |
| 24:40 | Create | Villager (Male) |
| 25:07 | Create | Villager (Male) |
| 25:17 | Create | Villager (Male) |
| 25:48 | Create | Villager (Male) |
| 25:51 | Build | University |
| 26:05 | Create | Mangonel |
| 26:07 | Create | Villager (Male) |
| 26:24 | Create | Villager (Male) |
| 26:31 | Build | Market |
| 27:22 | Research | Guard Tower (upgrade) |
| 27:27 | Build | House |
| 27:28 | Build | House |
| 27:31 | Create | Villager (Male) |
| 27:36 | Research | Town Watch |
| 28:12 | Build | Castle |
| 28:25 | Create | Villager (Male) |
| 28:30 | Build | Farm |
| 28:31 | Build | Farm |
Build order — CeCa_Mascherano014
First 150 of 338 actions detected
| 0:01 | Create | Villager (Male) |
| 0:01 | Create | Villager (Male) |
| 0:01 | Create | Villager (Male) |
| 0:02 | Build | House |
| 0:04 | Build | House |
| 0:07 | Create | Villager (Male) |
| 0:08 | Create | Villager (Male) |
| 1:28 | Create | Villager (Male) |
| 1:28 | Create | Villager (Male) |
| 1:37 | Create | Villager (Male) |
| 1:37 | Create | Villager (Male) |
| 1:50 | Build | Lumber Camp |
| 2:05 | Create | Villager (Male) |
| 2:05 | Create | Villager (Male) |
| 2:44 | Create | Villager (Male) |
| 2:44 | Create | Villager (Male) |
| 3:11 | Create | Villager (Male) |
| 3:12 | Create | Villager (Male) |
| 3:32 | Create | Villager (Male) |
| 3:33 | Create | Villager (Male) |
| 3:40 | Create | Villager (Male) |
| 3:49 | Build | House |
| 4:06 | Create | Villager (Male) |
| 4:07 | Create | Villager (Male) |
| 4:34 | Create | Villager (Male) |
| 4:35 | Create | Villager (Male) |
| 4:42 | Build | Mill |
| 4:48 | Create | Villager (Male) |
| 4:59 | Create | Villager (Male) |
| 5:18 | Create | Villager (Male) |
| 5:40 | Research | Loom |
| 5:40 | Research | Loom |
| 6:40 | Research | Feudal Age |
| 6:40 | Research | Feudal Age |
| 7:27 | Create | Villager (Male) |
| 7:34 | Build | Mining Camp |
| 7:43 | Build | Mining Camp |
| 7:59 | Build | Palisade Wall |
| 8:23 | Create | Villager (Male) |
| 8:32 | Build | House |
| 8:49 | Create | Villager (Male) |
| 8:51 | Age | Feudal Age |
| 8:55 | Research | Double-Bit Axe |
| 8:59 | Build | Watch Tower |
| 9:18 | Create | Villager (Male) |
| 9:32 | Build | Mill |
| 9:39 | Create | Villager (Male) |
| 10:01 | Create | Villager (Male) |
| 10:01 | Create | Villager (Male) |
| 10:02 | Create | Villager (Male) |
| 10:05 | Research | Town Watch |
| 10:08 | Create | Villager (Male) |
| 10:12 | Build | Mill |
| 10:16 | Build | House |
| 10:18 | Build | House |
| 10:21 | Create | Villager (Male) |
| 10:43 | Build | Watch Tower |
| 10:53 | Create | Villager (Male) |
| 11:19 | Create | Villager (Male) |
| 11:20 | Create | Villager (Male) |
| 11:44 | Build | Blacksmith |
| 11:46 | Create | Villager (Male) |
| 12:02 | Build | House |
| 12:18 | Create | Villager (Male) |
| 12:35 | Research | Fletching |
| 12:36 | Research | Fletching |
| 12:39 | Build | Farm |
| 12:54 | Build | Watch Tower |
| 13:00 | Create | Villager (Male) |
| 13:01 | Create | Villager (Male) |
| 13:16 | Build | Farm |
| 13:43 | Create | Villager (Male) |
| 13:43 | Create | Villager (Male) |
| 14:12 | Build | Farm |
| 14:13 | Create | Villager (Male) |
| 14:13 | Create | Villager (Male) |
| 14:17 | Build | Farm |
| 14:19 | Build | Farm |
| 14:34 | Create | Villager (Male) |
| 14:34 | Create | Villager (Male) |
| 14:46 | Create | Villager (Male) |
| 14:48 | Build | Farm |
| 14:49 | Build | Farm |
| 15:07 | Build | Watch Tower |
| 15:15 | Build | Watch Tower |
| 15:35 | Create | Villager (Male) |
| 15:36 | Create | Villager (Male) |
| 15:36 | Create | Villager (Male) |
| 15:54 | Create | Villager (Male) |
| 15:55 | Create | Villager (Male) |
| 16:11 | Create | Villager (Male) |
| 16:12 | Create | Villager (Male) |
| 16:12 | Create | Villager (Male) |
| 16:14 | Build | Mining Camp |
| 16:20 | Build | House |
| 16:32 | Create | Villager (Male) |
| 16:49 | Create | Villager (Male) |
| 16:49 | Create | Villager (Male) |
| 16:50 | Create | Villager (Male) |
| 17:04 | Build | Farm |
| 17:05 | Build | Farm |
| 17:06 | Create | Villager (Male) |
| 17:06 | Create | Villager (Male) |
| 17:27 | Create | Villager (Male) |
| 17:28 | Create | Villager (Male) |
| 17:29 | Create | Villager (Male) |
| 17:33 | Build | Market |
| 17:39 | Build | House |
| 17:40 | Build | House |
| 17:59 | Create | Villager (Male) |
| 17:59 | Create | Villager (Male) |
| 18:10 | Create | Villager (Male) |
| 18:10 | Create | Villager (Male) |
| 18:18 | Build | Watch Tower |
| 18:26 | Create | Villager (Male) |
| 19:02 | Create | Villager (Male) |
| 19:03 | Create | Villager (Male) |
| 19:03 | Create | Villager (Male) |
| 19:05 | Build | House |
| 19:42 | Create | Villager (Male) |
| 19:57 | Create | Villager (Male) |
| 20:20 | Create | Villager (Male) |
| 20:22 | Build | House |
| 20:33 | Build | Watch Tower |
| 20:42 | Create | Villager (Male) |
| 20:54 | Research | Castle Age |
| 20:54 | Research | Castle Age |
| 21:03 | Build | House |
| 21:51 | Research | Horse Collar |
| 22:27 | Create | Villager (Male) |
| 22:34 | Build | House |
| 22:35 | Build | House |
| 22:48 | Build | Watch Tower |
| 22:59 | Research | Gold Mining |
| 23:40 | Age | Castle Age |
| 23:45 | Create | Villager (Male) |
| 23:47 | Create | Villager (Male) |
| 23:53 | Build | Watch Tower |
| 23:56 | Research | Bodkin Arrow |
| 23:56 | Research | Bodkin Arrow |
| 23:57 | Create | Villager (Male) |
| 24:05 | Build | Siege Workshop |
| 24:10 | Create | Villager (Male) |
| 24:19 | Create | Villager (Male) |
| 24:41 | Build | Watch Tower |
| 24:48 | Create | Mangonel |
| 24:54 | Create | Villager (Male) |
| 24:54 | Create | Villager (Male) |
| 25:21 | Create | Villager (Male) |
| 25:21 | Create | Villager (Male) |
Match timeline
| 5:42 | VENÓN | BOTZANGA · wall_segment Palisade Wall x1 |
| 5:50 | VENÓN | BOTZANGA · wall_segment Palisade Wall x1 |
| 5:53 | VENÓN | BOTZANGA · wall_segment Palisade Wall x1 |
| 5:58 | VENÓN | BOTZANGA · wall_segment Palisade Wall x1 |
| 6:05 | VENÓN | BOTZANGA · wall_segment Palisade Wall x1 |
| 6:09 | VENÓN | BOTZANGA · wall_segment Palisade Wall x1 |
| 6:12 | VENÓN | BOTZANGA · wall_segment Palisade Wall x1 |
| 6:14 | VENÓN | BOTZANGA · wall_segment Palisade Wall x1 |
| 6:19 | VENÓN | BOTZANGA · wall_segment Palisade Wall x1 |
| 6:24 | VENÓN | BOTZANGA · wall_segment Palisade Wall x1 |
| 6:55 | VENÓN | BOTZANGA · wall_segment Palisade Wall x1 |
| 6:56 | VENÓN | BOTZANGA · wall_segment Palisade Wall x1 |
| 7:59 | CeCa_Mascherano014 · wall_segment Palisade Wall x1 |
| 8:51 | CeCa_Mascherano014 · age_up feudal |
| 10:13 | VENÓN | BOTZANGA · wall_segment Palisade Wall x5 |
| 10:16 | VENÓN | BOTZANGA · wall_segment Palisade Wall x5 |
| 10:56 | VENÓN | BOTZANGA · age_up feudal |
| 10:57 | VENÓN | BOTZANGA · wall_segment Palisade Wall x8 |
| 11:37 | VENÓN | BOTZANGA · wall_segment Palisade Wall x1 |
| 11:39 | VENÓN | BOTZANGA · wall_segment Palisade Wall x1 |
| 11:43 | VENÓN | BOTZANGA · wall_segment Palisade Wall x1 |
| 11:56 | VENÓN | BOTZANGA · wall_segment Palisade Wall x3 |
| 12:02 | VENÓN | BOTZANGA · wall_segment Palisade Wall x3 |
| 12:31 | VENÓN | BOTZANGA · wall_segment Stone Wall x4 |
| 15:18 | VENÓN | BOTZANGA · age_up castle |
| 17:34 | VENÓN | BOTZANGA · first_building Siege Workshop |
| 20:52 | CeCa_Mascherano014 · first_market_sell 500 wood |
| 20:53 | CeCa_Mascherano014 · first_market_buy 100 food |
| 22:27 | VENÓN | BOTZANGA · first_building Stable |
| 22:44 | VENÓN | BOTZANGA · first_building Monastery |
| 23:40 | CeCa_Mascherano014 · age_up castle |
| 24:05 | CeCa_Mascherano014 · first_building Siege Workshop |
| 27:30 | VENÓN | BOTZANGA · first_market_buy 100 stone |
| 28:12 | VENÓN | BOTZANGA · first_building Castle |
| 29:02 | CeCa_Mascherano014 · first_building Monastery |
| 33:31 | CeCa_Mascherano014 · first_building Castle |
| 35:43 | CeCa_Mascherano014 · age_up imperial |
| 35:54 | VENÓN | BOTZANGA · age_up imperial |
| 45:28 | CeCa_Mascherano014 · first_building Barracks |
| 48:04 | VENÓN | BOTZANGA · resign |
[ AI ANALYSIS · 1 CREDIT ]
What really happened in this match?
Wolo.gg analyzes every decision: build order, eco, micro, common mistakes by bracket. Personalized analysis on WhatsApp or Discord in 30 seconds.
Civ guide
Khmer
Perfil
Jugador #1920975